 Dungeon Crawl Stone Soup version 0.26.1-11-gd32895ea62 (webtiles) character file.

Game seed: 1935510341284048281

315 Zeld the Twirler (level 6, -1/39 HPs)
             Began as an Octopode Gladiator on May 18, 2021.
             Slain by an orc wizard
             ... wielding a +0 dagger
              (6 damage)
             ... on level 3 of the Dungeon.
             The game lasted 00:02:23 (3090 turns).

Zeld the Twirler (Octopode Gladiator)               Turns: 3090, Time: 00:02:24

Health: -1/39      AC:  1    Str: 13    XL:     6   Next: 43%
Magic:  6/6        EV: 14    Int: 11    God:
Gold:   67         SH:  0    Dex: 15    Spells: 5/5 levels left

rFire    . . .     SeeInvis .   a - +0 quarterstaff
rCold    . . .     Faith    .   (shield currently unavailable)
rNeg     . . .     Spirit   .   b - +0 hat
rPois    .         Reflect  .   (no amulet)
rElec    .         Harm     .   (no ring)
rCorr    .         Rampage  .   (no ring)
Will     .....                  (no ring)
Stlth    ++........             (no ring)
HPRegen  0.13/turn              (no ring)
MPRegen  0.10/turn              (no ring)
                                (no ring)
                                (no ring)

@: no status effects
A: almost no armour, stealthy swim, amphibious, 8 rings, constrict 8, camouflage
1, gelatinous body 1
a: no special abilities


You were on level 3 of the Dungeon.
You visited 1 branch of the dungeon, and saw 3 of its levels.

You collected 67 gold pieces.

Inventory:

Hand Weapons
 a - a +0 quarterstaff (weapon)
Missiles
 c - 3 throwing nets (quivered)
Armour
 b - a +0 hat (worn)
Jewellery
 l - an uncursed ring of resist corrosion {unknown}
 p - an uncursed ring of fire {unknown}
Scrolls
 e - 5 scrolls of identify {unknown}
 i - 2 scrolls of enchant armour {unknown}
 j - 4 scrolls of enchant weapon {unknown}
 n - a scroll of amnesia {unknown}
Potions
 d - a potion of might {unknown}
 f - 2 potions of resistance {unknown}
 g - 2 potions of curing {unknown}
 h - a potion of haste {unknown}
 k - a potion of ambrosia {unknown}
 m - a potion of mutation {unknown}
 o - a potion of flight {unknown}


   Skills:
 - Level 2.0 Fighting
 * Level 5.3 Staves
 * Level 4.8 Throwing
 - Level 3.0 Dodging


You had 5 spell levels left.
You didn't know any spells.
Your spell library was empty.

Dungeon Overview and Level Annotations

Branches:
Dungeon (3/15)

Altars:
Cheibriados
Dithmenos
Qazlal
Sif Muna
Zin

Shops:
D:2 *


Innate Abilities, Weirdness & Mutations

You cannot wear most types of armour.
You are very stealthy in the water. (Stealth+)
You are amphibious.
You can wear up to eight rings at the same time.
You can use your tentacles to constrict eight enemies at once.
Your skin changes colour to match your surroundings (Stealth+).
Your rubbery body absorbs attacks. (AC +1, EV +1)


Message History

You constrict the orc.
You kill the orc!
You hit something but do no damage. Your squeeze misses something.
Something hits you but does no damage.
You miss something. Something hits you.
You miss something. Something hits you.
You closely miss something. Something hits you but does no damage.
You hit something but do no damage. Something hits you.
You closely miss something. Something hits you.
You completely miss something. Something hits you.
You hit something. Something hits you.
You miss something. Something hits you.
You barely miss something. You squeeze something. Something hits you.
You hit something.
You hear some strange, mumbled words.
A puff of flame appears from out of thin air!
The puff of flame hits you!
* * * LOW HITPOINT WARNING * * *
You barely miss something. Your squeeze misses something. Something hits you.
You die...

### #@#
#{# #.#
#.#####.#
#.......#
#.#.#####
#.#.#
..#.#
#..#†#


There were no monsters in sight!

Vanquished Creatures
  Sigmund (D:2)
  A bullfrog skeleton (D:2)
  An iguana (D:2)
  An adder (D:2)
  3 worms (D:2)
  5 dart slugs
  2 leopard geckos (D:1)
  4 orcs (D:3)
  A ball python (D:2)
  6 bats
  3 giant cockroaches
  10 goblins
  10 hobgoblins
  4 kobolds (D:1)
  A quokka (D:2)
  3 frilled lizards (D:1)
  13 rats
69 creatures vanquished.

Notes
Turn   | Place    | Note
-------+----------+-------------------------------------------
     0 | D:1      | Zeld the Octopode Gladiator began the quest for the Orb.
     0 | D:1      | Reached XP level 1. HP: 14/14 MP: 1/1
   152 | D:1      | Reached XP level 2. HP: 19/19 MP: 2/2
   674 | D:1      | Reached XP level 3. HP: 19/24 MP: 3/3
  1429 | D:2      | Found a snail-covered altar of Cheibriados.
  1454 | D:2      | Reached skill level 4 in Staves
  1454 | D:2      | Reached XP level 4. HP: 18/29 MP: 4/4
  1832 | D:2      | Found Zin's Purification Station.
  1835 | D:2      | Found a glowing silver altar of Zin.
  1909 | D:2      | Noticed Sigmund
  1912 | D:2      | Reached XP level 5. HP: 22/34 MP: 5/5
  2525 | D:2      | Killed Sigmund
  2526 | D:2      | Reached skill level 5 in Staves
  2526 | D:2      | Reached XP level 6. HP: 22/39 MP: 6/6
  2555 | D:2      | Found a shimmering blue altar of Sif Muna.
  2737 | D:2      | Found a shadowy altar of Dithmenos.
  2737 | D:2      | Found a stormy altar of Qazlal.
  3090 | D:3      | Slain by an orc wizard

Illustrated notes

Levels and vault maps discovered:
D:1:      dpeg_arrival_subterranean_lakeside_camping, layout_basic,
          st_stairs_14, nrook_mini_backslash
D:2:      layout_loops_cross, kennysheep_slug_shrine, zin_purify,
          nicolae_overflow_hidden_temple, gammafunk_temple_overflow_elements,
          uniq_sigmund
D:3:      layout_basic, fiery_altar_vehumet

Skill      XL: |  1  2  3  4  5 |
---------------+----------------+-----
Throwing       | 3 4 |  4.8
Staves         | 4 5 |  5.3
Fighting       | |  2.0
Dodging        | |  3.0

Action                   |  1- 3 |  4- 6 || total
-------------------------+-------+-------++-------
Melee: Quarterstaff      |    70 |    59 ||   129
       Constrict         |    19 |    15 ||    34
       Tentacles         |    10 |    10 ||    20
 Stab: Sleeping          |     7 |     3 ||    10
Armor: Skin              |     9 |       ||     9
Dodge: Dodged            |    59 |    41 ||   100
